AoeStats
← TT

Arena

510392404Analyzed
4v4 RM · 22h ago on Sep 30, 2026· 52m 12s· 8 players
Game mode
Random Map
Map size
Large (8 player)
Population
200
Speed
Normal
Resources
Standard
Victory
Conquest
Starting age
Dark Age
Ending age
Imperial Age
RankedLock teamsTeams togetherTeam positionsShared explorationLock speedFull tech treeHidden civsTurbo modeCheats
Victory
Defeat
🇧🇷 Khmer · Brazil
1087
+17
🇹🇼 Franks · Taiwan
1077
+17
🇩🇪 Danes · Germany
1036
+19
🇩🇪 Mongols · Germany
1036
+19
🇬🇧 Saracens · United Kingdom
1153
-19
🇳🇴 Turks · Norway
1124
-19
🇳🇴 Tupi · Norway
1078
-17
🇳🇴 Teutons · Norway
1067
-17
ZZZ1
10:03 Feudal Age
13:40 Castle Age
11:44 Double-Bit Axe
23:14 Wheelbarrow
23:10 Bow Saw
25:58 Scale Barding Armor
28:44 Imperial Age
26:14 Loom
27:36 Chain Barding Armor
27:26 Forging
27:47 Gold Mining
28:15 Hand Cart
28:46 Husbandry
28:33 Town Watch
28:44 Cavalier
30:02 Plate Barding Armor
31:13 Iron Casting
30:12 Paladin
33:07 Blast Furnace
33:17 Chemistry
32:47 Fletching
32:58 Scale Mail Armor
33:30 Elite Skirmisher
33:39 Pikeman
34:19 Squires
34:57 Herbal Medicine
35:00 Bodkin Arrow
35:21 Chain Mail Armor
35:49 Halberdier
41:19 Gold Shaft Mining
40:35 Stone Mining
47:21 Fortified Wall
48:00 Light Cavalry
Kauly | TTV
10:39 Feudal Age
14:54 Castle Age
14:05 Double-Bit Axe
14:45 Horse Collar
20:07 Bow Saw
21:06 Heavy Plow
22:24 Wheelbarrow
22:18 Loom
24:01 Hand Cart
24:06 Gold Mining
25:07 Town Watch
26:08 Squires
29:54 Imperial Age
27:29 Arson
28:37 Scale Mail Armor
29:24 Forging
30:53 Elite Varangian Guard
32:40 Chain Mail Armor
33:07 Capped Ram
35:44 Plate Mail Armor
35:49 Iron Casting
36:19 Conscription
35:34 Northmen's Fury
35:37 Siege Ram
38:24 Elite Jomsviking
Kellokz
10:27 Feudal Age
14:13 Castle Age
12:03 Double-Bit Axe
13:22 Horse Collar
16:09 Bow Saw
20:26 Scale Barding Armor
21:42 Wheelbarrow
21:28 Heavy Plow
22:26 Forging
23:03 Hand Cart
23:13 Bloodlines
23:49 Husbandry
25:14 Gold Mining
27:09 Iron Casting
26:54 Chain Barding Armor
26:30 Fletching
31:06 Imperial Age
28:46 Padded Archer Armor
29:20 Ballistics
29:07 Stone Mining
30:38 Bodkin Arrow
30:58 Leather Archer Armor
31:53 Thumb Ring
32:14 Parthian Tactics
31:52 Bracer
32:52 Blast Furnace
32:33 Conscription
31:42 Capped Ram
33:18 Drill
32:56 Elite Mangudai
35:22 Chemistry
34:15 Elite Steppe Lancer
34:48 Siege Ram
36:46 Careening
36:44 Siege Engineers
43:07 Drill
42:40 Light Cavalry
44:51 Hussar
TT
1:51 Loom
13:32 Feudal Age
15:24 Town Watch
17:41 Castle Age
16:47 Horse Collar
16:55 Double-Bit Axe
17:03 Stone Mining
17:04 Gold Mining
21:38 Wheelbarrow
35:21 Imperial Age
33:50 Hand Cart
36:05 Bow Saw
37:42 Gold Shaft Mining
37:43 Stone Shaft Mining
39:14 Ballistics
40:05 Chemistry
39:47 Heavy Scorpion
40:32 Double Crossbow
43:03 Siege Engineers
43:10 Masonry
44:29 Onager
44:33 Capped Ram
48:22 Architecture
48:27 Siege Ram
TheM
10:01 Feudal Age
14:25 Castle Age
12:48 Double-Bit Axe
13:04 Horse Collar
20:53 Bow Saw
21:54 Heavy Plow
21:41 Loom
21:42 Town Watch
23:25 Gold Mining
23:27 Stone Mining
25:30 Wheelbarrow
25:27 Fervor
27:03 Fortified Wall
26:37 Treadmill Crane
27:21 Ballistics
30:11 Imperial Age
28:11 Masonry
28:55 Hand Cart
28:41 Town Patrol
29:53 Gold Shaft Mining
29:26 Scale Barding Armor
29:32 Forging
29:13 Fletching
29:23 Padded Archer Armor
30:33 Murder Holes
31:14 Chain Barding Armor
32:23 Two-Man Saw
31:27 Caravan
32:02 Bloodlines
31:52 Husbandry
33:12 Conscription
32:15 Elite Janissary
32:52 Heavy Camel Rider
34:16 Plate Barding Armor
33:36 Bodkin Arrow
34:14 Architecture
37:10 Bracer
37:46 Iron Casting
39:39 Artillery
43:11 Blast Furnace
Simba
12:14 Feudal Age
15:50 Castle Age
14:45 Double-Bit Axe
14:41 Horse Collar
14:52 Gold Mining
17:34 Bow Saw
19:17 Fletching
19:27 Padded Archer Armor
19:51 Heavy Plow
19:59 Bodkin Arrow
32:39 Imperial Age
30:47 Wheelbarrow
29:57 Town Watch
29:58 Loom
33:24 Padded Archer Armor
34:00 Hand Cart
33:45 Town Patrol
33:52 Elite Blackwood Archer
35:40 Conscription
37:13 Two-Man Saw
36:49 Gold Shaft Mining
40:09 Ballistics
40:49 Chemistry
40:53 Curare
44:35 Bracer
44:50 Leather Archer Armor
47:33 Heavy Scorpion
Haakon
11:32 Feudal Age
15:39 Castle Age
14:45 Double-Bit Axe
15:06 Horse Collar
20:41 Heavy Plow
22:32 Wheelbarrow
21:46 Town Watch
23:47 Bow Saw
25:45 Hand Cart
26:56 Town Patrol
26:51 Stone Mining
26:52 Gold Mining
27:23 Loom
28:43 Stone Shaft Mining
31:26 Imperial Age
30:15 Fortified Wall
30:16 Masonry
31:00 Bloodlines
31:04 Forging
30:56 Scale Mail Armor
32:24 Iron Casting
31:55 Scale Barding Armor
31:30 Elite Teutonic Knight
31:54 Cavalier
36:44 Crop Rotation
37:16 Two-Man Saw
36:40 Chain Mail Armor
37:25 Blast Furnace
37:16 Chain Barding Armor
38:42 Plate Mail Armor
37:42 Paladin
42:05 Ballistics
42:46 Chemistry
41:38 Fletching
44:52 Conscription
Aspenlands
11:04 Feudal Age
15:05 Castle Age
13:06 Horse Collar
14:19 Double-Bit Axe
16:14 Bow Saw
20:58 Town Watch
23:28 Loom
29:13 Wheelbarrow
29:05 Town Patrol
29:40 Bloodlines
31:11 Hand Cart
32:42 Husbandry
32:39 Gold Mining
32:40 Stone Mining
35:31 Imperial Age
33:21 Forging
34:30 Scale Barding Armor
35:01 Iron Casting
36:45 Chain Barding Armor
35:48 Heavy Camel Rider
36:52 Conscription
43:04 Gold Shaft Mining
43:12 Heavy Plow
47:37 Siege Engineers
Connection lost

Rejoining the realm…

Still unreachable

The connection could not be restored.

Session expired

The server has moved on; the page needs a fresh start.